Map: Ascension to Aiur LE

Players

SnapXD - Winner!

  • Race: Zerg Zerg
  • League: Diamond
  • Spawn Location: 11:00

MrHyde

  • Race: Protoss Protoss
  • League: Diamond
  • Spawn Location: 5:00

VOD

Have the link to the VOD?

Description

Time

  • Played on: Jan. 1, 2018, 10:42 p.m.
  • Length: 15:52
Show
View Real Time Build Order
Export as new Build Order

SnapXD Zerg - Winner!

Build Orders: Hatch First 

Get SALT Encoding   

  12  0:00  Drone  
  13  0:12  Overlord  
  13  0:17  Drone  
  14  0:30  Drone x2  
  16  0:49  Hatchery  
  15  0:53  Drone  
  15  0:56  Drone  
  17  1:00  Drone  
  18  1:07  Extractor  
  17  1:17  Spawning Pool  
  16  1:20  Drone  
  16  1:22  Drone  
  18  1:28  Drone  
  19  1:38  Overlord  
  19  2:04  Queen  
  19  2:05  Queen, Zergling x6  
  26  2:10  Metabolic Boost  
  26  2:12  Drone  
  27  2:16  Drone  
  27  2:21  Drone  
  29  2:24  Drone  
  30  2:42  Hatchery  
  29  2:47  Drone x2  
  29  2:49  Drone  
  32  2:54  Overlord  
  32  3:00  Overlord  
  32  3:05  Drone  
  33  3:09  Drone x2  
  35  3:13  Drone  
  35  3:15  Drone  
  35  3:16  Drone  
  38  3:26  Pneumatized Carapace  
  38  3:28  Drone  
  38  3:29  Drone x3  
  42  3:35  Queen  
  42  3:39  Overlord  
  44  3:43  Overlord  
  44  3:46  Drone  
  44  3:47  Drone  
  46  3:53  Queen  
  48  3:56  Drone x2  
  51  4:02  Drone  
  51  4:03  Drone x3  
  51  4:04  Drone  
  55  4:10  Baneling Nest  
  54  4:19  Spore Crawler  
  54  4:20  Extractor  
  53  4:33  Overlord x2  
  53  4:35  Drone x11  
  64  4:40  Lair  
  64  4:48  Hatchery  
  63  5:00  Drone x6  
  63  5:01  Hatchery  
  63  5:03  Extractor x2  
  63  5:04  Extractor  
  63  5:05  Drone x2, Extractor  
  63  5:06  Extractor  
  65  5:08  Drone x2  
  67  5:14  Drone x3  
  67  5:16  Drone  
  67  5:18  Drone x3  
  74  5:21  Drone  
  74  5:22  Evolution Chamber  
  74  5:25  Evolution Chamber  
  73  5:38  Queen  
  75  5:43  Zergling x12  
  75  5:45  Overlord x4  
  75  5:46  Centrifical Hooks  
  75  5:48  Zerg Melee Weapons Level 1  
  81  5:51  Zerg Ground Armor Level 1  
  81  5:54  Baneling x2  
  81  6:00  Zergling x12  
  81  6:03  Overlord x2  
  86  6:07  Baneling x4  
  83  6:13  Zergling x12  
  63  6:35  Zergling x22  
  66  6:52  Queen  
  65  6:54  Queen  
  65  7:00  Baneling  
  65  7:01  Baneling x6  
  60  7:04  Zergling x14  
  63  7:14  Zergling x6  
  55  7:24  Drone  
  55  7:25  Drone x3  
  55  7:27  Drone  
  55  7:29  Drone  
  61  7:39  Queen  
  62  7:48  Zergling x8  
  62  7:52  Overlord  
  61  7:58  Spore Crawler  
  61  8:03  Spore Crawler  
  56  8:32  Baneling x4  
  56  8:33  Baneling x10  
  53  8:34  Zergling x16  
  57  8:48  Zergling x6  
  60  8:55  Zerg Melee Weapons Level 2  
  57  9:08  Zergling x12  
  63  9:10  Drone  
  63  9:12  Drone  
  60  9:18  Zergling x6  
  59  9:39  Drone x8  
  59  9:40  Spore Crawler  
  59  9:42  Zergling x6  
  64  9:50  Baneling  
  64  9:52  Zerg Ground Armor Level 2  
  60  10:14  Drone x7  
  60  10:15  Drone x6  
  60  10:16  Drone  
  74  10:27  Zergling x12  
  80  10:47  Baneling x6  
  80  10:50  Baneling x4  
  72  10:59  Zergling x32  
  72  11:00  Zergling x2  
  72  11:02  Drone  
  72  11:03  Drone  
  84  11:24  Drone x13  
  97  11:28  Drone x2  
  99  11:41  Hydralisk Den  
  99  11:42  Queen x2  
  102  11:57  Baneling x9  
  102  11:58  Baneling x3  
  91  12:28  Drone x10  
  91  12:29  Drone x4  
  105  12:30  Drone  
  103  12:45  Hydralisk x11  
  103  12:48  Muscular Augments  
  123  12:53  Drone x4  
  125  13:01  Hydralisk x4  
  125  13:04  Zergling x6  
  136  13:18  Burrow  
  136  13:24  Zergling x10  
  136  13:25  Zergling x18  
  149  13:30  Baneling x12  
  147  13:50  Infestation Pit  
  147  13:52  Extractor  
  142  14:02  Zergling x14  
  118  14:03  Zergling x24  
  114  14:15  Zergling x2  
  114  14:16  Zergling x24  
  122  14:25  Hatchery  
  120  14:33  Baneling  
  120  14:34  Baneling x19  
  120  14:37  Zergling x10  
  101  14:58  Zergling x12  
  72  15:10  Zergling x10  
  49  15:14  Zergling x2  
  49  15:20  Zergling x8  
  34  15:28  Zergling x2  
Show
View Real Time Build Order
Export as new Build Order

MrHyde Protoss 

Build Orders: 1 Gate Expand 

Get SALT Encoding   

  12  0:02  Probe (Chrono Boost)  
  13  0:11  Probe (Chrono Boost)  
  14  0:19  Pylon  
  14  0:23  Probe  
  15  0:39  Gateway  
  15  0:44  Probe  
  15  0:49  Assimilator  
  16  0:56  Probe  
  17  1:08  Probe  
  18  1:20  Probe (Chrono Boost)  
  19  1:26  Nexus  
  19  1:38  Cybernetics Core  
  19  1:45  Assimilator, Probe  
  20  1:55  Pylon  
  20  2:07  Gateway  
  20  2:21  Adept (Chrono Boost)  
  22  2:33  Probe  
  22  2:45  Probe  
  22  2:46  Stalker (Chrono Boost)  
  22  2:49  Warp Gate  
  22  2:50  Probe  
  26  2:58  Probe  
  27  2:59  Adept  
  27  3:02  Probe  
  30  3:10  Probe (Chrono Boost)  
  30  3:11  Twilight Council  
  31  3:15  Robotics Facility  
  32  3:22  Probe (Chrono Boost)  
  32  3:24  Probe (Chrono Boost)  
  33  3:40  Probe (Chrono Boost)  
  35  3:47  Probe (Chrono Boost)  
  35  3:50  Probe (Chrono Boost)  
  35  3:52  Resonating Glaives (Chrono Boost)  
  35  3:54  Probe (Chrono Boost)  
  35  3:55  Probe (Chrono Boost)  
  38  4:05  Probe  
  38  4:07  Probe  
  40  4:17  Probe  
  40  4:19  Probe  
  42  4:26  Warp Prism  
  42  4:36  Gateway x2  
  42  4:38  Gateway x2  
  42  4:42  Gateway, Probe x2  
  42  4:43  Pylon  
  44  5:00  Pylon  
  44  5:14  Pylon  
  44  5:28  Nexus  
  44  5:42  Warp Prism (Chrono Boost)  
  46  5:55  Adept x3  
  46  5:56  Adept x4  
  60  6:19  Adept  
  60  6:20  Adept x4  
  56  6:34  Probe x2  
  58  6:43  Pylon  
  58  6:46  Probe x2  
  56  6:47  Adept x4  
  56  6:48  Adept x3  
  56  6:49  Forge  
  56  6:50  Forge  
  66  6:58  Probe x2  
  66  7:10  Probe  
  66  7:14  Immortal (Chrono Boost), Probe (Chrono Boost)  
  66  7:15  Probe (Chrono Boost)  
  69  7:22  Templar Archives  
  60  7:26  Probe (Chrono Boost)  
  60  7:27  Adept x2  
  60  7:28  Probe (Chrono Boost)  
  60  7:29  Adept  
  68  7:30  Pylon  
  68  7:32  Pylon, Probe (Chrono Boost)  
  68  7:33  Probe (Chrono Boost)  
  68  7:34  Pylon  
  68  7:36  Probe (Chrono Boost)  
  70  7:38  Probe  
  70  7:39  Adept x3  
  70  7:40  Adept  
  79  7:47  Probe (Chrono Boost)  
  79  7:50  Probe (Chrono Boost)  
  79  7:54  Adept x3  
  79  7:56  Probe (Chrono Boost)  
  86  8:00  Probe (Chrono Boost)  
  86  8:01  Protoss Ground Weapons Level 1, Protoss Ground Armor Level 1  
  86  8:02  Probe (Chrono Boost)  
  83  8:06  Probe (Chrono Boost)  
  83  8:08  Probe (Chrono Boost)  
  83  8:09  Probe (Chrono Boost)  
  83  8:11  Probe (Chrono Boost)  
  80  8:17  Adept x6  
  86  8:20  Probe  
  86  8:21  Probe x2  
  86  8:24  Assimilator  
  89  8:28  Assimilator  
  89  8:53  Adept x4  
  89  8:54  Adept x3  
  93  8:56  Probe  
  93  8:58  Probe  
  93  9:01  Assimilator  
  93  9:05  Assimilator  
  93  9:11  Gateway  
  93  9:14  Gateway  
  83  9:20  Gateway, Adept  
  83  9:21  Gateway, Adept x6  
  83  9:49  High Templar x3  
  83  9:51  Probe  
  88  10:13  High Templar  
  90  10:16  Probe x3  
  93  10:23  Zealot x5  
  93  10:27  Archon  
  103  10:34  Adept x4  
  111  10:37  Probe  
  112  10:49  Probe  
  113  10:54  Protoss Ground Weapons Level 2 (Chrono Boost)  
  113  10:55  Protoss Ground Armor Level 2 (Chrono Boost)  
  113  11:01  Nexus  
  113  11:06  Assimilator  
  113  11:07  High Templar  
  113  11:10  Assimilator  
  108  11:19  Zealot x4  
  108  11:20  Probe (Chrono Boost)  
  116  11:27  Archon  
  116  11:37  Shield Battery  
  116  11:38  Pylon  
  116  11:39  Shield Battery  
  116  11:40  Pylon  
  116  11:41  Shield Battery  
  116  11:43  Pylon  
  116  11:45  Psionic Storm, Shield Battery  
  116  11:52  Pylon  
  116  11:54  Pylon  
  116  11:57  Pylon  
  116  12:00  Pylon  
  107  12:15  Zealot  
  107  12:16  Zealot x3  
  107  12:17  Zealot x5  
  107  12:18  Zealot  
  107  12:19  Charge (Chrono Boost)  
  113  12:23  Zealot  
  93  12:38  Probe x2  
  93  12:41  High Templar x4  
  93  12:42  High Templar x3  
  109  12:58  Zealot x2  
  111  12:59  Zealot x2  
  117  13:12  Protoss Ground Armor Level 3 (Chrono Boost)  
  117  13:14  Probe  
  118  13:20  Zealot  
  90  14:09  Zealot  
  86  14:10  Zealot x6  
  86  14:11  Zealot x3  
  104  14:22  Archon x3  
  104  14:35  Zealot x6  
  104  14:36  Zealot  
  39  15:07  Zealot  
Tags
 
Add a new tag
Caveats
  • Supply blocks, unpowered buildings, or Contaminate may cause inaccurate times.
  • Supply counts are checked every 10 seconds.